EDMONTON vs CHICAGO

Created - May 30, 2021 at 13:24

Goals
1 2 3 T
EDMONTON 1 1 0 2
CHICAGO 2 1 1 4
Shots
1 2 3 T
EDMONTON 7 11 6 24
CHICAGO 16 7 9 32

1st period

1. EDMONTON , Phil Kessel 15 (Anze Kopitar 37) at 2:58
2. CHICAGO , Frans Nielsen 19 (Mark Pysyk 16, Cody Eakin 24) at 7:43
3. CHICAGO , Sean Walker 1 (Brandon Sutter 25, Mikkel Boedker 13) at 14:06

Penalties :
Carson Soucy (EDM) for Roughing (Minor) at 4:15, Tucker Poolman (CHI) for Slashing (Minor) at 8:31, Anze Kopitar (EDM) for Interference (Minor) at 8:31, David Perron (EDM) for Holding (Minor) at 16:27

2nd period

4. CHICAGO , Andreas Athanasiou 22 (Mark Pysyk 17, Tyler Bozak 27) at 7:36
5. EDMONTON , Kyle Palmieri 23 (David Perron 42, Justin Holl 18) at 10:00 (PP)

Penalties :
Andreas Athanasiou (CHI) for Holding (Minor) at 8:02, Oliver Ekman-Larsson (EDM) for Hooking (Minor) at 15:52

3rd period

6. CHICAGO , Frans Nielsen 20 (Mark Pysyk 18, Cody Eakin 25) at 17:43

Penalties :
Jason Demers (EDM) for Interference (Minor) at 3:24, Sean Walker (CHI) for Goalie Interference (Minor) at 8:25

Goalie Stats

Darcy Kuemper (EDM), 28 saves from 32 shots - (0.875), L, 34-19-7, 60:00 minutes
James Reimer (CHI), 22 saves from 24 shots - (0.917), W, 20-34-7, 60:00 minutes

Players Stats for EDMONTON

Player Name              G  A  P  +/- PIM S  H  SB GA TA FO     MP     PP MP  PK MP  
------------------------------------------------------------------------------------
Anze Kopitar             0  1  1  -1  2   6  1  0  0  0  20/33  21:47   2:29   5:33 
Carson Soucy             0  0  0  -2  2   0  3  2  0  0  0/0    17:56   1:08   1:58 
Craig Smith              0  0  0  -2  0   0  1  0  0  0  1/1    13:32   0:35   0:00 
Darren Helm              0  0  0   0  0   1  0  0  0  0  0/0     5:40   0:00   0:52 
David Perron             0  1  1   0  2   2  1  0  0  0  0/0    17:35   1:28   0:15 
Derek Forbort            0  0  0  -1  0   1  1  1  0  0  0/0    20:35   1:54   3:30 
Derek Ryan               0  0  0  -2  0   1  0  0  0  0  9/15   14:34   0:00   2:08 
Jakub Voracek            0  0  0  -1  0   3  0  0  0  0  0/0    17:01   1:54   0:00 
Jason Demers             0  0  0  -1  2   0  4  1  0  0  0/0    19:24   1:46   2:28 
Josh Archibald           0  0  0   0  0   1  0  0  0  0  1/1    10:12   0:35   4:56 
Justin Holl              0  1  1   0  0   0  0  2  0  0  0/0    23:35   0:55   4:42 
Kyle Palmieri            1  0  1   0  0   3  1  0  0  0  0/1    16:36   1:28   0:00 
Martin Marincin          0  0  0  -2  0   0  2  1  0  0  0/0    15:33   0:35   0:00 
Mathieu Perreault        0  0  0   0  0   1  1  0  0  0  1/5     4:41   0:00   0:00 
Oliver Ekman-Larsson     0  0  0   0  2   1  0  4  0  0  0/0    22:47   1:36   3:14 
Phil Kessel              1  0  1  -1  0   2  1  0  0  0  2/5    16:32   1:54   0:00 
Tyler Johnson            0  0  0   0  0   0  1  0  0  0  9/19   16:36   1:28   0:00 
Vincent Hinostroza       0  0  0  -2  0   2  0  1  0  0  1/4    15:24   0:00   2:08 

Players Stats for CHICAGO

Player Name              G  A  P  +/- PIM S  H  SB GA TA FO     MP     PP MP  PK MP  
------------------------------------------------------------------------------------
Adam Gaudette            0  0  0   0  0   1  1  0  0  0  1/6     7:43   0:00   0:27 
Andreas Athanasiou       1  0  1   1  2   4  3  0  0  0  0/5    20:07   3:52   0:45 
Brandon Sutter           0  1  1   1  0   4  2  0  0  0  6/10   10:57   0:21   0:00 
Brendan Perlini          0  0  0   0  0   1  0  0  0  0  1/1     7:16   0:00   0:00 
Cody Eakin               0  2  2   1  0   2  0  0  0  0  1/3    17:17   3:43   0:00 
Dominik Kahun            0  0  0   1  0   1  0  0  0  0  1/2    11:35   0:00   0:59 
Frans Nielsen            2  0  2   1  0   3  0  0  0  0  11/19  19:31   3:43   1:25 
Gustav Nyquist           0  0  0   1  0   4  1  0  0  0  2/8    22:16   4:13   2:11 
Haydn Fleury             0  0  0   0  0   1  0  0  0  0  0/0     6:36   0:00   0:00 
Mark Pysyk               0  3  3   2  0   1  3  1  0  0  0/0    20:10   3:42   2:00 
Michael Del Zotto        0  0  0   0  0   1  2  0  0  0  0/0    21:54   4:14   1:49 
Mikkel Boedker           0  1  1   1  0   1  1  0  0  0  0/0    10:57   0:21   0:00 
Milan Lucic              0  0  0   1  0   1  3  0  0  0  1/3    17:17   3:43   0:00 
Nikita Nesterov          0  0  0   0  0   0  0  0  0  0  0/0     6:36   0:00   0:00 
Sean Walker              1  0  1   1  2   1  0  0  0  0  0/0    11:11   0:00   0:00 
Sven Baertschi           0  0  0   0  0   0  0  0  0  0  1/2     7:16   0:00   0:00 
Travis Dermott           0  0  0   2  0   2  0  0  0  0  0/0    20:10   3:42   2:00 
Tucker Poolman           0  0  0   1  2   0  1  0  0  0  0/0    11:19   0:00   0:08 
Tyler Bozak              0  1  1   1  0   3  2  0  0  0  15/25  21:51   3:52   2:07 
Tyson Barrie             0  0  0   0  0   1  2  0  0  0  0/0    22:02   4:14   1:57 

3 Stars

1 - Mark Pysyk (CHI)
2 - Frans Nielsen (CHI)
3 - Cody Eakin (CHI)

Power Play

EDMONTON - 1 on 2 Attempt(s) - 50.00%
CHICAGO - 0 on 4 Attempt(s) - 0.00%

Penalty Kill

EDMONTON - 4 on 4 Attempt(s) - 100.00% - Score 0 goal in Penalty Kill
CHICAGO - 1 on 2 Attempt(s) - 50.00% - Score 0 goal in Penalty Kill

Team Stat

EDMONTON - Hits : 17 - Faceoff Wins : 44 - Blocked Shots : 12 - Penalty Minutes : 10
CHICAGO - Hits : 21 - Faceoff Wins : 40 - Blocked Shots : 1 - Penalty Minutes : 6

Official

Referees : Robbie Nostic and Dan O'Rourke
Linesman : Camerson Stephens and Shandor Alphonso

Game Notes

No Game Note

Finance

Level 1 -- Attendance: 4231 (70.52%) -- Ticket Income $423,100
Level 2 -- Attendance: 3479 (69.58%) -- Ticket Income $226,135
Level 3 -- Attendance: 804 (40.20%) -- Ticket Income $60,300
Level 4 -- Attendance: 1600 (40.00%) -- Ticket Income $80,000
Luxury Box -- Attendance: 633 (63.30%) -- Ticket Income $158,250
Game was played at the United Center.
Total Attendance: 10747 (59.71%)
Total Ticket Income: $947,785
Total Income: $947,785

EDMONTON

5 vs 5 Forward 
   Center                   Left Wing                Right Wing               Time % Phy DF OF 
 1 Anze Kopitar             Jakub Voracek            Phil Kessel              35     1   2  2  
 2 Tyler Johnson            David Perron             Kyle Palmieri            30     1   2  2  
 3 Derek Ryan               Vincent Hinostroza       Craig Smith              25     1   2  2  
 4 Mathieu Perreault        Darren Helm              Josh Archibald           10     1   2  2  

5 vs 5 Defense 
   Defense                  Defense                                           Time % Phy DF OF 
 1 Oliver Ekman-Larsson     Justin Holl                                       35     1   2  2  
 2 Jason Demers             Derek Forbort                                     30     1   2  2  
 3 Martin Marincin          Carson Soucy                                      25     1   2  2  
 4 Oliver Ekman-Larsson     Justin Holl                                       10     1   2  2  

PowerPlay Forward 
   Center                   Left Wing                Right Wing               Time % Phy DF OF 
 1 Anze Kopitar             Jakub Voracek            Phil Kessel              60     1   2  2  
 2 Tyler Johnson            David Perron             Kyle Palmieri            40     1   2  2  

PowerPlay Defense
   Defense                  Defense                                           Time % Phy DF OF 
 1 Oliver Ekman-Larsson     Derek Forbort                                     60     1   2  2  
 2 Jason Demers             Justin Holl                                       40     1   2  2  

Penalty Kill 4 Players Forward 
   Center                   Wing                     Time % Phy DF OF 
 1 Anze Kopitar             Josh Archibald           60     1   2  2  
 2 Derek Ryan               Vincent Hinostroza       40     1   2  2  

Penalty Kill 4 Players Defense
   Defense                  Defense                  Time % Phy DF OF 
 1 Oliver Ekman-Larsson     Justin Holl              60     1   2  2  
 2 Jason Demers             Derek Forbort            40     1   2  2  

Penalty Kill - 3 Players Forward 
   Forward                                           Time % Phy DF OF 
 1 Anze Kopitar                                      60     1   2  2  
 2 Derek Ryan                                        40     1   2  2  

Penalty Kill - 3 Players Defense
   Defense                  Defense                  Time % Phy DF OF 
 1 Oliver Ekman-Larsson     Carson Soucy             60     1   2  2  
 2 Jason Demers             Derek Forbort            40     1   2  2  

4 vs 4 Forward 
   Center                   Wing                     Time % Phy DF OF 
 1 Anze Kopitar             Jakub Voracek            60     1   2  2  
 2 Phil Kessel              David Perron             40     1   2  2  

4 vs 4 Defense
   Defense                  Defense                  Time % Phy DF OF 
 1 Oliver Ekman-Larsson     Justin Holl              60     1   2  2  
 2 Jason Demers             Derek Forbort            40     1   2  2  

Last Minutes Offensive
   Center                   Left Wing                Right Wing               Defense                  Defense                  
   Anze Kopitar             Jakub Voracek            Phil Kessel              Oliver Ekman-Larsson     Martin Marincin          

Last Minutes Defensive
   Center                   Left Wing                Right Wing               Defense                  Defense                  
   Anze Kopitar             Jakub Voracek            Phil Kessel              Oliver Ekman-Larsson     Martin Marincin          

Goaltenders
Starting : Darcy Kuemper            
Backup : Henrik Lundqvist         

Extra Forwards
Normal : Vincent Hinostroza, Craig Smith, Derek Ryan - PP : Tyler Johnson, Craig Smith - PK : Derek Ryan
Extra Defensemen
Normal : Justin Holl, Carson Soucy, Jason Demers - PP : Justin Holl - PK : Carson Soucy, Jason Demers
Penalty Shots
Anze Kopitar, Jakub Voracek, Phil Kessel, David Perron, Kyle Palmieri

Scratches
EDM Cap Hit (Suspend), Travis Hamonic (Bruised Left Leg Injury)

CHICAGO

5 vs 5 Forward 
   Center                   Left Wing                Right Wing               Time % Phy DF OF 
 1 Tyler Bozak              Andreas Athanasiou       Gustav Nyquist           35     1   2  2  
 2 Frans Nielsen            Cody Eakin               Milan Lucic              30     1   2  2  
 3 Brandon Sutter           Mikkel Boedker           Dominik Kahun            25     1   2  2  
 4 Adam Gaudette            Sven Baertschi           Brendan Perlini          10     1   2  2  

5 vs 5 Defense 
   Defense                  Defense                                           Time % Phy DF OF 
 1 Tyson Barrie             Michael Del Zotto                                 35     1   2  2  
 2 Mark Pysyk               Travis Dermott                                    30     1   2  2  
 3 Sean Walker              Tucker Poolman                                    25     1   2  2  
 4 Haydn Fleury             Nikita Nesterov                                   10     1   2  2  

PowerPlay Forward 
   Center                   Left Wing                Right Wing               Time % Phy DF OF 
 1 Tyler Bozak              Andreas Athanasiou       Gustav Nyquist           60     1   2  2  
 2 Frans Nielsen            Cody Eakin               Milan Lucic              40     1   2  2  

PowerPlay Defense
   Defense                  Defense                                           Time % Phy DF OF 
 1 Tyson Barrie             Michael Del Zotto                                 60     1   2  2  
 2 Mark Pysyk               Travis Dermott                                    40     1   2  2  

Penalty Kill 4 Players Forward 
   Center                   Wing                     Time % Phy DF OF 
 1 Gustav Nyquist           Tyler Bozak              60     1   2  2  
 2 Andreas Athanasiou       Frans Nielsen            40     1   2  2  

Penalty Kill 4 Players Defense
   Defense                  Defense                  Time % Phy DF OF 
 1 Tyson Barrie             Michael Del Zotto        60     1   2  2  
 2 Mark Pysyk               Travis Dermott           40     1   2  2  

Penalty Kill - 3 Players Forward 
   Forward                                           Time % Phy DF OF 
 1 Gustav Nyquist                                    60     1   2  2  
 2 Tyler Bozak                                       40     1   2  2  

Penalty Kill - 3 Players Defense
   Defense                  Defense                  Time % Phy DF OF 
 1 Tyson Barrie             Michael Del Zotto        60     1   2  2  
 2 Mark Pysyk               Travis Dermott           40     1   2  2  

4 vs 4 Forward 
   Center                   Wing                     Time % Phy DF OF 
 1 Gustav Nyquist           Tyler Bozak              60     1   2  2  
 2 Andreas Athanasiou       Frans Nielsen            40     1   2  2  

4 vs 4 Defense
   Defense                  Defense                  Time % Phy DF OF 
 1 Tyson Barrie             Michael Del Zotto        60     1   2  2  
 2 Mark Pysyk               Travis Dermott           40     1   2  2  

Last Minutes Offensive
   Center                   Left Wing                Right Wing               Defense                  Defense                  
   Tyler Bozak              Andreas Athanasiou       Gustav Nyquist           Tyson Barrie             Michael Del Zotto        

Last Minutes Defensive
   Center                   Left Wing                Right Wing               Defense                  Defense                  
   Tyler Bozak              Andreas Athanasiou       Gustav Nyquist           Tyson Barrie             Michael Del Zotto        

Goaltenders
Starting : James Reimer             
Backup : Cory Schneider           

Extra Forwards
Normal : Brandon Sutter, Mikkel Boedker, Dominik Kahun - PP : Brandon Sutter, Mikkel Boedker - PK : Dominik Kahun
Extra Defensemen
Normal : Sean Walker, Tucker Poolman, Haydn Fleury - PP : Sean Walker - PK : Tucker Poolman, Haydn Fleury
Penalty Shots
Gustav Nyquist, Tyler Bozak, Andreas Athanasiou, Frans Nielsen, Cody Eakin

Scratches
CHI Cap Hit (Suspend), Erik Haula (Upper Body Injury)

% Time on Ice - EDMONTON

Lines # - Real PCT - Wanted PCT - Time Play
Normal Forward
1 - 30% - 35% - 13:53
2 - 33% - 30% - 15:08
3 - 27% - 25% - 12:26
4 - 10% - 10% - 4:41
Normal Defense
1 - 32% - 35% - 14:58
2 - 31% - 30% - 14:31
3 - 32% - 25% - 14:58
4 - 4% - 10% - 1:41
PP Forward
1 - 63% - 60% - 2:29
2 - 37% - 40% - 1:28
PP Defense
1 - 77% - 60% - 3:02
2 - 23% - 40% - 0:55
PK Forward
1 - 73% - 60% - 5:48
2 - 27% - 40% - 2:08
PK Defense
1 - 56% - 60% - 4:26
2 - 44% - 40% - 3:30
PK3 Forward
1 - 0% - 60%
2 - 0% - 40%
PK3 Defense
1 - 0% - 60%
2 - 0% - 40%
44 Forward
1 - 62% - 60% - 1:14
2 - 38% - 40% - 0:45
44 Defense
1 - 66% - 60% - 1:19
2 - 34% - 40% - 0:40
Last Minute Offensive  - 0:00
Last Minute Defensive  - 0:00
Total
Forward - 60:00
Defense - 60:00

% Time on Ice - CHICAGO

Lines # - Real PCT - Wanted PCT - Time Play
Normal Forward
1 - 32% - 35% - 14:42
2 - 29% - 30% - 13:34
3 - 23% - 25% - 10:36
4 - 16% - 10% - 7:16
Normal Defense
1 - 33% - 35% - 15:01
2 - 29% - 30% - 13:19
3 - 24% - 25% - 11:12
4 - 14% - 10% - 6:36
PP Forward
1 - 53% - 60% - 4:13
2 - 47% - 40% - 3:43
PP Defense
1 - 53% - 60% - 4:14
2 - 47% - 40% - 3:42
PK Forward
1 - 64% - 60% - 2:32
2 - 36% - 40% - 1:25
PK Defense
1 - 49% - 60% - 1:57
2 - 51% - 40% - 2:00
PK3 Forward
1 - 0% - 60%
2 - 0% - 40%
PK3 Defense
1 - 0% - 60%
2 - 0% - 40%
44 Forward
1 - 59% - 60% - 1:10
2 - 41% - 40% - 0:49
44 Defense
1 - 42% - 60% - 0:50
2 - 58% - 40% - 1:09
Last Minute Offensive  - 0:00
Last Minute Defensive  - 0:00
Total
Forward - 60:00
Defense - 60:00

Play-by-Play

1st period


0:01 of 1st period - Tyler Bozak wins face-off versus Anze Kopitar in neutral zone.
0:06 of 1st period - Icing by Anze Kopitar.
0:07 of 1st period - Frans Nielsen wins face-off versus Anze Kopitar in EDMONTON zone.
0:34 of 1st period - Shot by Frans Nielsen.
0:34 of 1st period - Shot Misses the Net.
0:36 of 1st period - Shot by Cody Eakin.
0:36 of 1st period - Stopped by Darcy Kuemper without a rebound.
0:37 of 1st period - Tyler Johnson wins face-off versus Brandon Sutter in EDMONTON zone.
0:37 of 1st period - Tyler Johnson is hit by Mikkel Boedker.
1:14 of 1st period - Shot by Brandon Sutter.
1:14 of 1st period - Stopped by Darcy Kuemper without a rebound.
1:15 of 1st period - Tyler Bozak wins face-off versus Derek Ryan in EDMONTON zone.
1:23 of 1st period - Gustav Nyquist is hit by Carson Soucy and loses puck.
2:00 of 1st period - Icing by Michael Del Zotto.
2:01 of 1st period - Tyler Bozak wins face-off versus Mathieu Perreault in CHICAGO zone.
2:29 of 1st period - Off-side.
2:30 of 1st period - Cody Eakin wins face-off versus Anze Kopitar in neutral zone.
2:30 of 1st period - Cody Eakin is hit by Phil Kessel.
2:36 of 1st period - Derek Forbort is hit by Milan Lucic and loses puck.
2:58 of 1st period - Shot by Phil Kessel.
2:58 of 1st period - Goal by Phil Kessel - EDMONTON : 1 - CHICAGO : 0.
2:59 of 1st period - Brandon Sutter wins face-off versus Tyler Johnson in neutral zone.
3:06 of 1st period - Shot by Dominik Kahun.
3:06 of 1st period - Stopped by Darcy Kuemper without a rebound.
3:07 of 1st period - Adam Gaudette wins face-off versus Tyler Johnson in EDMONTON zone.
3:25 of 1st period - Icing by Tyson Barrie.
3:26 of 1st period - Derek Ryan wins face-off versus Adam Gaudette in CHICAGO zone.
4:15 of 1st period - Minor Penalty to Carson Soucy for Roughing.
4:16 of 1st period - Anze Kopitar wins face-off versus Milan Lucic in EDMONTON zone.
4:27 of 1st period - Icing by Cody Eakin.
4:28 of 1st period - Josh Archibald wins face-off versus Frans Nielsen in CHICAGO zone.
5:46 of 1st period - Shot by Tyler Bozak.
5:46 of 1st period - Stopped by Darcy Kuemper without a rebound.
5:47 of 1st period - Anze Kopitar wins face-off versus Frans Nielsen in EDMONTON zone.
5:47 of 1st period - Jason Demers is hit by Milan Lucic and loses puck.
5:54 of 1st period - Shot by Travis Dermott.
5:54 of 1st period - Shot Misses the Net.
5:56 of 1st period - Shot by Milan Lucic.
5:56 of 1st period - Shot Misses the Net.
5:58 of 1st period - Shot by Mark Pysyk.
5:58 of 1st period - Stopped by Darcy Kuemper with a rebound.
6:00 of 1st period - Shot by Mark Pysyk.
6:00 of 1st period - Shot Misses the Net.
6:04 of 1st period - Shot by Cody Eakin.
6:04 of 1st period - Shot Blocked by Jason Demers.
6:06 of 1st period - Shot by Travis Dermott.
6:06 of 1st period - Stopped by Darcy Kuemper without a rebound.
6:07 of 1st period - Tyler Bozak wins face-off versus Derek Ryan in EDMONTON zone.
6:08 of 1st period - Shot by Gustav Nyquist.
6:08 of 1st period - Stopped by Darcy Kuemper without a rebound.
6:09 of 1st period - Derek Ryan wins face-off versus Tyler Bozak in EDMONTON zone.
6:28 of 1st period - Shot by Brandon Sutter.
6:28 of 1st period - Stopped by Darcy Kuemper with a rebound.
6:30 of 1st period - Shot by Brandon Sutter.
6:30 of 1st period - Stopped by Darcy Kuemper without a rebound.
6:31 of 1st period - Tyler Bozak wins face-off versus Derek Ryan in EDMONTON zone.
6:34 of 1st period - Shot by Gustav Nyquist.
6:34 of 1st period - Shot Misses the Net.
6:57 of 1st period - Vincent Hinostroza is hit by Tyson Barrie and loses puck.
7:43 of 1st period - Shot by Frans Nielsen.
7:43 of 1st period - Goal by Frans Nielsen - EDMONTON : 1 - CHICAGO : 1.
7:44 of 1st period - Brandon Sutter wins face-off versus Tyler Johnson in neutral zone.
7:46 of 1st period - Tucker Poolman is hit by Carson Soucy and loses puck.
8:31 of 1st period - Minor Penalty to Tucker Poolman for Slashing.
8:31 of 1st period - Minor Penalty to Anze Kopitar for Interference.
8:32 of 1st period - Gustav Nyquist wins face-off versus Vincent Hinostroza in CHICAGO zone.
9:05 of 1st period - Shot by Jakub Voracek.
9:05 of 1st period - Stopped by James Reimer without a rebound.
9:06 of 1st period - Craig Smith wins face-off versus Andreas Athanasiou in CHICAGO zone.
9:36 of 1st period - Shot by Andreas Athanasiou.
9:36 of 1st period - Stopped by Darcy Kuemper without a rebound.
9:37 of 1st period - Phil Kessel wins face-off versus Gustav Nyquist in EDMONTON zone.
10:29 of 1st period - Shot by Andreas Athanasiou.
10:29 of 1st period - Stopped by Darcy Kuemper without a rebound.
10:30 of 1st period - Gustav Nyquist wins face-off versus Vincent Hinostroza in EDMONTON zone.
10:43 of 1st period - Nikita Nesterov is hit by Mathieu Perreault and loses puck.
10:52 of 1st period - Shot by Brandon Sutter.
10:52 of 1st period - Shot Misses the Net.
11:35 of 1st period - Shot by Vincent Hinostroza.
11:35 of 1st period - Stopped by James Reimer without a rebound.
11:36 of 1st period - Anze Kopitar wins face-off versus Tyler Bozak in CHICAGO zone.
11:39 of 1st period - Shot by Anze Kopitar.
11:39 of 1st period - Stopped by James Reimer without a rebound.
11:40 of 1st period - Anze Kopitar wins face-off versus Tyler Bozak in CHICAGO zone.
11:44 of 1st period - Icing by Travis Dermott.
11:45 of 1st period - Tyler Bozak wins face-off versus Phil Kessel in CHICAGO zone.
11:55 of 1st period - Icing by Justin Holl.
11:56 of 1st period - Frans Nielsen wins face-off versus Anze Kopitar in EDMONTON zone.
12:24 of 1st period - Icing by Tyson Barrie.
12:25 of 1st period - Frans Nielsen wins face-off versus Tyler Johnson in CHICAGO zone.
12:59 of 1st period - Icing by Tyson Barrie.
13:00 of 1st period - Frans Nielsen wins face-off versus Anze Kopitar in CHICAGO zone.
13:30 of 1st period - Shot by Justin Holl.
13:30 of 1st period - Shot Blocked by Mark Pysyk.
13:38 of 1st period - Shot by Anze Kopitar.
13:38 of 1st period - Stopped by James Reimer without a rebound.
13:39 of 1st period - Derek Ryan wins face-off versus Brandon Sutter in CHICAGO zone.
14:04 of 1st period - Shot by Brandon Sutter.
14:04 of 1st period - Shot Misses the Net.
14:06 of 1st period - Shot by Sean Walker.
14:06 of 1st period - Goal by Sean Walker - EDMONTON : 1 - CHICAGO : 2.
14:07 of 1st period - Tyler Bozak wins face-off versus Tyler Johnson in neutral zone.
14:10 of 1st period - Shot by Gustav Nyquist.
14:10 of 1st period - Stopped by Darcy Kuemper without a rebound.
14:11 of 1st period - Tyler Bozak wins face-off versus Anze Kopitar in EDMONTON zone.
14:14 of 1st period - Shot by Travis Dermott.
14:14 of 1st period - Shot Misses the Net.
14:25 of 1st period - Anze Kopitar is hit by Gustav Nyquist.
14:33 of 1st period - Shot by Gustav Nyquist.
14:33 of 1st period - Shot Blocked by Oliver Ekman-Larsson.
15:10 of 1st period - David Perron is hit by Mark Pysyk and loses puck.
15:15 of 1st period - Shot by David Perron.
15:15 of 1st period - Stopped by James Reimer without a rebound.
15:16 of 1st period - Frans Nielsen wins face-off versus Vincent Hinostroza in CHICAGO zone.
15:16 of 1st period - Frans Nielsen is hit by Craig Smith.
15:22 of 1st period - Shot by Vincent Hinostroza.
15:22 of 1st period - Stopped by James Reimer with a rebound.
15:24 of 1st period - Shot by Derek Ryan.
15:24 of 1st period - Shot Misses the Net.
15:52 of 1st period - Icing by Tucker Poolman.
15:53 of 1st period - Frans Nielsen wins face-off versus Tyler Johnson in CHICAGO zone.
15:53 of 1st period - Frans Nielsen is hit by David Perron.
16:27 of 1st period - Minor Penalty to David Perron for Holding.
16:28 of 1st period - Anze Kopitar wins face-off versus Tyler Bozak in EDMONTON zone.
16:43 of 1st period - Shot by Tyler Bozak.
16:43 of 1st period - Stopped by Darcy Kuemper without a rebound.
16:44 of 1st period - Tyler Bozak wins face-off versus Anze Kopitar in EDMONTON zone.
16:55 of 1st period - Shot by Andreas Athanasiou.
16:55 of 1st period - Shot Misses the Net.
16:57 of 1st period - Shot by Travis Dermott.
16:57 of 1st period - Stopped by Darcy Kuemper without a rebound.
16:58 of 1st period - Tyler Bozak wins face-off versus Anze Kopitar in EDMONTON zone.
17:52 of 1st period - Frans Nielsen is hit by Jason Demers and loses puck.
17:55 of 1st period - Shot by Travis Dermott.
17:55 of 1st period - Shot Blocked by Derek Forbort.
18:36 of 1st period - Off-side.
18:37 of 1st period - Tyler Johnson wins face-off versus Adam Gaudette in neutral zone.
Goals for this period are 1 for EDMONTON vs 2 for CHICAGO.
Shots for this period are 7 for EDMONTON vs 16 for CHICAGO.

2nd period


0:01 of 2nd period - Tyler Bozak wins face-off versus Anze Kopitar in neutral zone.
0:08 of 2nd period - Shot by Gustav Nyquist.
0:08 of 2nd period - Shot Blocked by Justin Holl.
0:24 of 2nd period - Shot by Gustav Nyquist.
0:24 of 2nd period - Shot Misses the Net.
0:26 of 2nd period - Shot by Tyler Bozak.
0:26 of 2nd period - Shot Blocked by Oliver Ekman-Larsson.
0:34 of 2nd period - Shot by Gustav Nyquist.
0:34 of 2nd period - Shot Blocked by Oliver Ekman-Larsson.
1:24 of 2nd period - Icing by Michael Del Zotto.
1:25 of 2nd period - Derek Ryan wins face-off versus Brandon Sutter in CHICAGO zone.
2:32 of 2nd period - Icing by Josh Archibald.
2:33 of 2nd period - Tyler Bozak wins face-off versus Mathieu Perreault in EDMONTON zone.
3:20 of 2nd period - Shot by Jakub Voracek.
3:20 of 2nd period - Stopped by James Reimer without a rebound.
3:21 of 2nd period - Brandon Sutter wins face-off versus Kyle Palmieri in CHICAGO zone.
3:34 of 2nd period - Mikkel Boedker is hit by Kyle Palmieri and loses puck.
4:11 of 2nd period - Shot by Anze Kopitar.
4:11 of 2nd period - Stopped by James Reimer without a rebound.
4:12 of 2nd period - Phil Kessel wins face-off versus Milan Lucic in CHICAGO zone.
4:12 of 2nd period - Phil Kessel is hit by Tucker Poolman.
4:24 of 2nd period - Shot by Anze Kopitar.
4:24 of 2nd period - Stopped by James Reimer with a rebound.
4:35 of 2nd period - Frans Nielsen is hit by Anze Kopitar and loses puck.
4:47 of 2nd period - Tucker Poolman is hit by Carson Soucy and loses puck.
4:51 of 2nd period - Icing by Carson Soucy.
4:52 of 2nd period - Anze Kopitar wins face-off versus Tyler Bozak in EDMONTON zone.
4:52 of 2nd period - Anze Kopitar is hit by Andreas Athanasiou.
5:00 of 2nd period - Shot by Jakub Voracek.
5:00 of 2nd period - Stopped by James Reimer with a rebound.
5:07 of 2nd period - Icing by Mark Pysyk.
5:08 of 2nd period - Tyler Bozak wins face-off versus Tyler Johnson in CHICAGO zone.
5:49 of 2nd period - Mikkel Boedker is hit by Tyler Johnson and loses puck.
6:16 of 2nd period - Shot by Brandon Sutter.
6:16 of 2nd period - Shot Misses the Net.
6:48 of 2nd period - Shot by Frans Nielsen.
6:48 of 2nd period - Stopped by Darcy Kuemper without a rebound.
6:49 of 2nd period - Derek Ryan wins face-off versus Adam Gaudette in EDMONTON zone.
7:36 of 2nd period - Shot by Andreas Athanasiou.
7:36 of 2nd period - Goal by Andreas Athanasiou - EDMONTON : 1 - CHICAGO : 3.
7:37 of 2nd period - Anze Kopitar wins face-off versus Tyler Bozak in neutral zone.
7:43 of 2nd period - Derek Forbort is hit by Michael Del Zotto and loses puck.
8:02 of 2nd period - Minor Penalty to Andreas Athanasiou for Holding.
8:03 of 2nd period - Anze Kopitar wins face-off versus Gustav Nyquist in CHICAGO zone.
8:08 of 2nd period - Shot by Anze Kopitar.
8:08 of 2nd period - Shot Misses the Net.
8:10 of 2nd period - Shot by Derek Forbort.
8:10 of 2nd period - Shot Misses the Net.
8:32 of 2nd period - Shot by Anze Kopitar.
8:32 of 2nd period - Stopped by James Reimer without a rebound.
8:33 of 2nd period - Dominik Kahun wins face-off versus Tyler Johnson in CHICAGO zone.
8:58 of 2nd period - Shot by David Perron.
8:58 of 2nd period - Stopped by James Reimer without a rebound.
8:59 of 2nd period - Anze Kopitar wins face-off versus Gustav Nyquist in CHICAGO zone.
10:00 of 2nd period - Shot by Kyle Palmieri.
10:00 of 2nd period - Goal by Kyle Palmieri - EDMONTON : 2 - CHICAGO : 3.
10:01 of 2nd period - Brandon Sutter wins face-off versus Derek Ryan in neutral zone.
10:12 of 2nd period - Icing by Travis Dermott.
10:13 of 2nd period - Mathieu Perreault wins face-off versus Dominik Kahun in CHICAGO zone.
10:30 of 2nd period - Shot by Josh Archibald.
10:30 of 2nd period - Deflect By Mathieu Perreault.
10:30 of 2nd period - Stopped by James Reimer without a rebound.
10:31 of 2nd period - Anze Kopitar wins face-off versus Andreas Athanasiou in CHICAGO zone.
10:44 of 2nd period - Shot by Anze Kopitar.
10:44 of 2nd period - Stopped by James Reimer without a rebound.
10:45 of 2nd period - Tyler Johnson wins face-off versus Frans Nielsen in CHICAGO zone.
11:45 of 2nd period - Shot by Gustav Nyquist.
11:45 of 2nd period - Shot Misses the Net.
11:54 of 2nd period - Gustav Nyquist is hit by Jason Demers and loses puck.
12:35 of 2nd period - Shot by Mikkel Boedker.
12:35 of 2nd period - Stopped by Darcy Kuemper without a rebound.
12:36 of 2nd period - Brendan Perlini wins face-off versus Derek Ryan in EDMONTON zone.
12:36 of 2nd period - Sven Baertschi is hit by Martin Marincin and loses puck.
12:43 of 2nd period - Shot by Adam Gaudette.
12:43 of 2nd period - Shot Blocked by Vincent Hinostroza.
12:45 of 2nd period - Shot by Haydn Fleury.
12:45 of 2nd period - Shot Misses the Net.
12:59 of 2nd period - Shot by Derek Ryan.
12:59 of 2nd period - Shot Misses the Net.
13:08 of 2nd period - Sven Baertschi is hit by Martin Marincin and loses puck.
13:54 of 2nd period - Off-side.
13:55 of 2nd period - Tyler Bozak wins face-off versus Mathieu Perreault in neutral zone.
14:05 of 2nd period - Josh Archibald is hit by Michael Del Zotto and loses puck.
14:35 of 2nd period - Darren Helm is hit by Tyler Bozak and loses puck.
14:47 of 2nd period - Jason Demers is hit by Mark Pysyk and loses puck.
15:09 of 2nd period - Off-side.
15:10 of 2nd period - Brandon Sutter wins face-off versus Tyler Johnson in neutral zone.
15:16 of 2nd period - Shot by Tyler Johnson.
15:16 of 2nd period - Shot Misses the Net.
15:18 of 2nd period - Shot by Carson Soucy.
15:18 of 2nd period - Shot Misses the Net.
15:20 of 2nd period - Shot by Kyle Palmieri.
15:20 of 2nd period - Stopped by James Reimer without a rebound.
15:21 of 2nd period - Anze Kopitar wins face-off versus Sven Baertschi in CHICAGO zone.
15:24 of 2nd period - Shot by Jakub Voracek.
15:24 of 2nd period - Shot Misses the Net.
15:36 of 2nd period - Shot by Adam Gaudette.
15:36 of 2nd period - Shot Misses the Net.
15:38 of 2nd period - Shot by Haydn Fleury.
15:38 of 2nd period - Stopped by Darcy Kuemper without a rebound.
15:39 of 2nd period - Tyler Johnson wins face-off versus Tyler Bozak in EDMONTON zone.
15:47 of 2nd period - Shot by Andreas Athanasiou.
15:47 of 2nd period - Shot Blocked by Carson Soucy.
15:49 of 2nd period - Shot by Michael Del Zotto.
15:49 of 2nd period - Stopped by Darcy Kuemper without a rebound.
15:50 of 2nd period - Frans Nielsen wins face-off versus Phil Kessel in EDMONTON zone.
15:52 of 2nd period - Minor Penalty to Oliver Ekman-Larsson for Hooking.
15:53 of 2nd period - Anze Kopitar wins face-off versus Tyler Bozak in EDMONTON zone.
16:18 of 2nd period - Shot by Andreas Athanasiou.
16:18 of 2nd period - Shot Misses the Net.
16:20 of 2nd period - Shot by Tyson Barrie.
16:20 of 2nd period - Stopped by Darcy Kuemper without a rebound.
16:21 of 2nd period - Anze Kopitar wins face-off versus Cody Eakin in EDMONTON zone.
17:33 of 2nd period - Shot by Andreas Athanasiou.
17:33 of 2nd period - Stopped by Darcy Kuemper without a rebound.
17:34 of 2nd period - Anze Kopitar wins face-off versus Frans Nielsen in EDMONTON zone.
18:49 of 2nd period - Shot by Derek Ryan.
18:49 of 2nd period - Shot Misses the Net.
18:51 of 2nd period - Shot by Derek Ryan.
18:51 of 2nd period - Stopped by James Reimer without a rebound.
18:52 of 2nd period - Anze Kopitar wins face-off versus Tyler Bozak in CHICAGO zone.
Goals for this period are 1 for EDMONTON vs 1 for CHICAGO.
Shots for this period are 11 for EDMONTON vs 7 for CHICAGO.

3rd period


0:01 of 3rd period - Frans Nielsen wins face-off versus Anze Kopitar in neutral zone.
0:14 of 3rd period - Shot by Tyson Barrie.
0:14 of 3rd period - Shot Blocked by Oliver Ekman-Larsson.
0:52 of 3rd period - Shot by Tyler Johnson.
0:52 of 3rd period - Shot Misses the Net.
0:54 of 3rd period - Shot by Derek Forbort.
0:54 of 3rd period - Stopped by James Reimer without a rebound.
0:55 of 3rd period - Derek Ryan wins face-off versus Andreas Athanasiou in CHICAGO zone.
1:57 of 3rd period - Icing by Vincent Hinostroza.
1:58 of 3rd period - Derek Ryan wins face-off versus Adam Gaudette in EDMONTON zone.
2:09 of 3rd period - Shot by Brendan Perlini.
2:09 of 3rd period - Stopped by Darcy Kuemper with a rebound.
2:50 of 3rd period - Shot by Anze Kopitar.
2:50 of 3rd period - Deflect By Phil Kessel.
2:50 of 3rd period - Shot Misses the Net.
2:52 of 3rd period - Shot by Oliver Ekman-Larsson.
2:52 of 3rd period - Shot Misses the Net.
2:54 of 3rd period - Shot by Anze Kopitar.
2:54 of 3rd period - Shot Misses the Net.
2:56 of 3rd period - Shot by Oliver Ekman-Larsson.
2:56 of 3rd period - Stopped by James Reimer without a rebound.
2:57 of 3rd period - Tyler Johnson wins face-off versus Cody Eakin in CHICAGO zone.
3:08 of 3rd period - Cody Eakin is hit by Derek Forbort and loses puck.
3:24 of 3rd period - Minor Penalty to Jason Demers for Interference.
3:25 of 3rd period - Tyler Bozak wins face-off versus Anze Kopitar in EDMONTON zone.
4:20 of 3rd period - Off-side.
4:21 of 3rd period - Frans Nielsen wins face-off versus Anze Kopitar in neutral zone.
4:36 of 3rd period - Icing by Michael Del Zotto.
4:37 of 3rd period - Frans Nielsen wins face-off versus Derek Ryan in CHICAGO zone.
6:01 of 3rd period - Shot by Dominik Kahun.
6:01 of 3rd period - Shot Misses the Net.
6:08 of 3rd period - Icing by Justin Holl.
6:09 of 3rd period - Tyler Johnson wins face-off versus Tyler Bozak in EDMONTON zone.
6:09 of 3rd period - Tyler Johnson is hit by Andreas Athanasiou.
6:29 of 3rd period - Shot by Tyler Bozak.
6:29 of 3rd period - Shot Blocked by Justin Holl.
7:24 of 3rd period - Jakub Voracek is hit by Tyson Barrie and loses puck.
8:10 of 3rd period - Icing by Carson Soucy.
8:11 of 3rd period - Derek Ryan wins face-off versus Brandon Sutter in EDMONTON zone.
8:11 of 3rd period - Derek Ryan is hit by Brandon Sutter.
8:25 of 3rd period - Minor Penalty to Sean Walker for Goalie Interference.
8:26 of 3rd period - Anze Kopitar wins face-off versus Gustav Nyquist in CHICAGO zone.
8:48 of 3rd period - Icing by Jakub Voracek.
8:49 of 3rd period - Anze Kopitar wins face-off versus Gustav Nyquist in EDMONTON zone.
8:49 of 3rd period - Anze Kopitar is hit by Tyler Bozak.
10:28 of 3rd period - Shot by Derek Ryan.
10:28 of 3rd period - Shot Misses the Net.
11:06 of 3rd period - Shot by Darren Helm.
11:06 of 3rd period - Stopped by James Reimer with a rebound.
11:39 of 3rd period - Off-side.
11:40 of 3rd period - Tyler Johnson wins face-off versus Frans Nielsen in neutral zone.
12:00 of 3rd period - Shot by Cody Eakin.
12:00 of 3rd period - Shot Blocked by Carson Soucy.
12:02 of 3rd period - Shot by Milan Lucic.
12:02 of 3rd period - Stopped by Darcy Kuemper without a rebound.
12:03 of 3rd period - Anze Kopitar wins face-off versus Gustav Nyquist in EDMONTON zone.
12:17 of 3rd period - Shot by Andreas Athanasiou.
12:17 of 3rd period - Shot Misses the Net.
12:21 of 3rd period - Shot by Gustav Nyquist.
12:21 of 3rd period - Shot Misses the Net.
12:25 of 3rd period - Shot by Tyler Bozak.
12:25 of 3rd period - Stopped by Darcy Kuemper with a rebound.
12:27 of 3rd period - Shot by Michael Del Zotto.
12:27 of 3rd period - Shot Misses the Net.
12:29 of 3rd period - Shot by Gustav Nyquist.
12:29 of 3rd period - Stopped by Darcy Kuemper with a rebound.
12:31 of 3rd period - Shot by Gustav Nyquist.
12:31 of 3rd period - Stopped by Darcy Kuemper without a rebound.
12:32 of 3rd period - Derek Ryan wins face-off versus Frans Nielsen in EDMONTON zone.
12:38 of 3rd period - Frans Nielsen is hit by Jason Demers and loses puck.
13:24 of 3rd period - Icing by Carson Soucy.
13:25 of 3rd period - Tyler Johnson wins face-off versus Andreas Athanasiou in EDMONTON zone.
13:25 of 3rd period - Tyler Johnson is hit by Andreas Athanasiou.
14:28 of 3rd period - Shot by Brandon Sutter.
14:28 of 3rd period - Stopped by Darcy Kuemper without a rebound.
14:29 of 3rd period - Anze Kopitar wins face-off versus Adam Gaudette in EDMONTON zone.
14:29 of 3rd period - Anze Kopitar is hit by Adam Gaudette.
14:35 of 3rd period - Shot by Sven Baertschi.
14:35 of 3rd period - Deflect By Adam Gaudette.
14:35 of 3rd period - Stopped by Darcy Kuemper without a rebound.
14:36 of 3rd period - Frans Nielsen wins face-off versus Anze Kopitar in EDMONTON zone.
15:50 of 3rd period - Shot by Tyler Bozak.
15:50 of 3rd period - Shot Misses the Net.
16:38 of 3rd period - Shot by Kyle Palmieri.
16:38 of 3rd period - Stopped by James Reimer without a rebound.
16:39 of 3rd period - Sven Baertschi wins face-off versus Mathieu Perreault in CHICAGO zone.
17:08 of 3rd period - Shot by Josh Archibald.
17:08 of 3rd period - Shot Misses the Net.
17:10 of 3rd period - Shot by Darren Helm.
17:10 of 3rd period - Deflect By Josh Archibald.
17:10 of 3rd period - Shot Misses the Net.
17:12 of 3rd period - Shot by Josh Archibald.
17:12 of 3rd period - Stopped by James Reimer without a rebound.
17:13 of 3rd period - Anze Kopitar wins face-off versus Frans Nielsen in CHICAGO zone.
17:39 of 3rd period - Shot by Cody Eakin.
17:39 of 3rd period - Shot Blocked by Martin Marincin.
17:43 of 3rd period - Shot by Frans Nielsen.
17:43 of 3rd period - Goal by Frans Nielsen - EDMONTON : 2 - CHICAGO : 4.
17:44 of 3rd period - Brandon Sutter wins face-off versus Tyler Johnson in neutral zone.
17:47 of 3rd period - Derek Forbort is hit by Brandon Sutter and loses puck.
18:04 of 3rd period - Brandon Sutter is hit by Jason Demers and loses puck.
18:57 of 3rd period - Shot by Phil Kessel.
18:57 of 3rd period - Stopped by James Reimer without a rebound.
18:58 of 3rd period - Vincent Hinostroza wins face-off versus Frans Nielsen in CHICAGO zone.
19:11 of 3rd period - Carson Soucy is hit by Milan Lucic and loses puck.
19:27 of 3rd period - Martin Marincin is hit by Mark Pysyk and loses puck.
19:33 of 3rd period - Icing by Frans Nielsen.
19:34 of 3rd period - Milan Lucic wins face-off versus Phil Kessel in CHICAGO zone.
19:43 of 3rd period - Shot by Cody Eakin.
19:43 of 3rd period - Stopped by Darcy Kuemper without a rebound.
19:44 of 3rd period - Tyler Johnson wins face-off versus Andreas Athanasiou in EDMONTON zone.
19:59 of 3rd period - Shot by Andreas Athanasiou.
19:59 of 3rd period - Shot Misses the Net.
Goals for this period are 0 for EDMONTON vs 1 for CHICAGO.
Shots for this period are 6 for EDMONTON vs 9 for CHICAGO.